 Dungeon Crawl Stone Soup version 0.26.1-11-gd32895ea62 (webtiles) character file.

Game seed: 7496784233371064612

19389 porcors3 the Grappler (level 12, -1/114 HPs)
             Began as a Troll Monk on June 2, 2021.
             Was the Champion of Yredelemnul.
             Slain by a black mamba (17 damage)
             ... on level 2 of the Snake Pit.
             The game lasted 00:43:29 (13210 turns).

porcors3 the Grappler (Troll Monk)                 Turns: 13210, Time: 00:43:30

Health: -1/114     AC:  7    Str: 29    XL:     12   Next: 36%
Magic:  11/11      EV: 13    Int:  6    God:    Yredelemnul [******]
Gold:   957        SH:  0    Dex: 19    Spells: 11/11 levels left

rFire    . . .     SeeInvis .   J - +5 giant spiked club
rCold    x . .     Faith    +   (shield currently unavailable)
rNeg     + . .     Spirit   .   a - +1 robe
rPois    .         Reflect  .   (helmet restricted)
rElec    .         Harm     .   v - scarf {repulsion}
rCorr    .         Rampage  .   (gloves unavailable)
Will     .....                  (boots unavailable)
Stlth    +++.......             i - amulet of faith
HPRegen  0.69/turn              D - ring of Gluttony {rC- rN+ Dex+4 Stlth+}
MPRegen  0.12/turn              T - +6 ring of strength

@: repel missiles
A: large, unfitting armour, claws 3, regeneration 1, shaggy fur 1, tough skin 3
a: Renounce Religion, Recall Undead Slaves, Injury Mirror, Animate Dead, Drain
Life, Enslave Soul


You were on level 2 of the Snake Pit.
You worshipped Yredelemnul.
Yredelemnul was exalted by your worship.
You visited 3 branches of the dungeon, and saw 15 of its levels.
You also visited: Sewer.

You collected 957 gold pieces.

Inventory:

Hand Weapons
 J - a +5 giant spiked club (weapon)
 U - a +0 great mace of draining
Armour
 a - a +1 robe (worn)
 v - a scarf of repulsion (worn)
 I - a +1 tower shield of resistance
Jewellery
 d - a +4 ring of evasion
 i - an amulet of faith (around neck)
 r - an uncursed ring of magical power
 y - a +4 ring of slaying
 A - an uncursed ring of protection from cold
 B - an uncursed amulet of reflection
 D - the ring of Gluttony (left claw) {rC- rN+ Dex+4 Stlth+}
   (You found it on level 6 of the Dungeon)

   [ring of stealth]

   It affects your dexterity (+4).
   It makes you vulnerable to cold.
   It protects you from negative energy.
   It makes you more stealthy.
 E - an uncursed ring of wizardry
 G - an uncursed ring of flight
 N - an uncursed ring of magical power
 R - an uncursed amulet of the acrobat
 T - a +6 ring of strength (right claw)
Wands
 f - a wand of digging (5)
 g - a wand of polymorph (12)
 x - a wand of disintegration (23)
 K - a wand of paralysis (10)
 Q - a wand of iceblast (9)
 S - a wand of flame (23)
Scrolls
 j - 8 scrolls of teleportation
 l - 2 scrolls of enchant armour
 q - 2 scrolls of blinking {unknown}
 s - 2 scrolls of amnesia {unknown}
 t - 4 scrolls of remove curse
 w - 2 scrolls of magic mapping {unknown}
 z - 2 scrolls of enchant weapon {unknown}
 L - a scroll of identify
 M - a scroll of holy word {unknown}
 O - a scroll of immolation {unknown}
 P - 2 scrolls of fog {unknown}
Potions
 b - 7 potions of curing {unknown}
 c - 2 potions of flight {unknown}
 e - 4 potions of resistance
 h - 5 potions of heal wounds {unknown}
 k - 5 potions of degeneration {unknown}
 m - 4 potions of haste {unknown}
 n - 3 potions of might {unknown}
 o - 2 potions of brilliance {unknown}
 p - a potion of magic {unknown}
 u - a potion of lignification {unknown}
 C - 2 potions of attraction {unknown}
 F - a potion of mutation {unknown}
 H - 2 potions of cancellation {unknown}


   Skills:
 + Level 6.2 Fighting
 + Level 0.6 Short Blades
 - Level 0.2(0.4) Long Blades
 - Level 0.5(6.6) Axes
 * Level 11.3 Maces & Flails
 - Level 0.2(6.5) Staves
 - Level 0.2(0.3) Slings
 + Level 0.5 Bows
 + Level 0.1 Crossbows
 - Level 0.4(0.6) Throwing
 * Level 1.4 Armour
 + Level 5.2 Dodging
 - Level 1.0 Stealth
 + Level 2.9 Shields
 - Level 12.6 Unarmed Combat
 + Level 0.3 Conjurations
 + Level 0.4 Hexes
 + Level 0.3 Summonings
 + Level 0.3 Necromancy
 + Level 0.1 Translocations
 + Level 0.2 Transmutations
 + Level 0.1 Fire Magic
 + Level 0.4 Ice Magic
 + Level 0.2 Air Magic
 + Level 0.7 Earth Magic
 + Level 0.2 Poison Magic


You had 11 spell levels left.
You didn't know any spells.
Your spell library contained the following spells:

 Spells                   Type           Power        Failure   Level
 Shock                    Conj/Air       0%           41%         1
 Sting                    Tmut/Pois      0%           41%         1
 Blink                    Tloc           N/A          56%         2
 Poisonous Vapours        Pois/Air       0%           56%         2
 Swiftness                Air            0%           56%         2
 Conjure Flame            Conj/Fire      0%           80%         3
 Mephitic Cloud           Conj/Pois/Air  0%           80%         3
 Portal Projectile        Hex/Tloc       0%           80%         3
 Static Discharge         Conj/Air       0%           80%         3
 Airstrike                Air            0%           99%         4
 Lightning Bolt           Conj/Air       0%           100%        5
 Summon Forest            Summ/Tloc      0%           100%        5
 Freezing Cloud           Conj/Ice/Air   0%           100%        6


Dungeon Overview and Level Annotations

Branches:
Dungeon (11/15)            Temple (0/1) D:4            Lair (2/6) D:10
  Snake (2/4) Lair:2        Sewer (visited)
  Swamp: Lair:2-4    Shoals: Lair:2-4       Orc: D:9-12

Altars:
Dithmenos
Gozag
Kikubaaqudgha
Nemelex Xobeh
Okawaru
Qazlal
Ru
Sif Muna
Trog
Uskayaw
Yredelemnul
Zin

Annotations:
Lair:1 exclusion: 2 oklob plants


Innate Abilities, Weirdness & Mutations

You are too large for most types of armour.
You have claws for hands.
Your natural rate of healing is unusually fast.
You are covered in fur. (AC +1)
You have extremely tough skin. (AC +3)


Message History

Your phantasmal warrior blinks!
Your flying skull misses the black mamba.
The black mamba closely misses you.
Your flying skull hits the black mamba.
Your flying skull barely misses the black mamba.
Your phantasmal warrior blinks!
Your flying skull barely misses the black mamba.
Your flying skull closely misses the black mamba.
The black mamba completely misses you.
The black mamba bites you but does no damage.
Your flying skull hits the black mamba!
The black mamba closely misses you.
Your phantasmal warrior blinks!
Your flying skull misses the black mamba. x2
The black mamba closely misses you. The black mamba barely misses you.
Your flying skull hits the black mamba.
Your flying skull barely misses the black mamba.
The black mamba bites you!
You die...
Your body rises from the dead as a mindless zombie.

..................#
..................#
..................#
.......§...†.....#
.##...Wz##..§...#
#..z..# .......
#..Wz.# .......
#..S..# .......
#.<@..# ......#
#.....# ......#
#.....# $......
#..†..# #.....#
#.....# #######


You could see a black mamba, a friendly phantasmal warrior, a friendly wraith
and 3 friendly flying skulls.

Vanquished Creatures
  A naga warrior (Snake:1)
  A two-headed ogre (D:9)
  A naga ritualist (Snake:1)
  A cyclops (D:11)
  2 black mambas (Snake:1)
  A hellwing (D:8)
  2 trolls (D:10)
  6 blink frogs
  A wyvern (D:10)
  5 yaks
  A human (D:2)
  A basilisk (D:10)
  3 nagas
  2 water moccasins
  An orc warrior (D:7)
  An ice beast (D:8)
  A phantom (D:6)
  3 sky beasts
  3 wolves (Lair:2)
  6 ogres
  3 centaurs
  6 bullfrogs
  A wyvern zombie (D:10)
  A gnoll sergeant (D:10)
  A wyvern skeleton (D:7)
  A scorpion (D:6)
  3 killer bees (D:7)
  3 wights (D:9)
  A centaur zombie (D:5)
  A quasit (D:7)
  4 jellies
  A gnoll shaman (D:5)
  6 hounds
  6 orc priests
  2 bullfrog skeletons
  3 centaur skeletons
  2 worker ants
  10 orc wizards
  A hound zombie (D:7)
  A worker ant zombie (D:5)
  14 gnolls
  17 adders
  A river rat (Sewer)
  3 shadow imps
  2 white imps
  3 ufetubi
  2 oozes
  A worm (Sewer)
  A dart slug (D:2)
  A leopard gecko (D:8)
  27 orcs
  5 bats
  6 giant cockroaches
  33 goblins
  34 hobgoblins
  5 jackals
  3 quokkas
  6 ball pythons
  5 frilled lizards
  A goblin skeleton (D:2)
  A jackal zombie (D:2)
  13 kobolds
  A leopard gecko zombie (D:2)
  A quokka skeleton (D:5)
  7 rats
293 creatures vanquished.

Vanquished Creatures (collateral kills)
  The ghost of Athtar the Grappler, a journeyman DrTm of Qazlal (D:9)
  2 anacondas
  A naga ritualist (Snake:1)
  An oklob plant (Lair:1)
  3 mana vipers (Snake:1)
  A salamander (Snake:1)
  An elephant (D:10)
  3 centaur zombies (D:8)
  7 black mambas
  2 naga magi (Snake:1)
  2 centaur skeletons (D:8)
  A cane toad (Lair:1)
  4 komodo dragons
  A hellwing (D:8)
  A troll (D:10)
  A polar bear (Lair:1)
  2 blink frogs
  A flying skull (D:8)
  A wyvern (Lair:2)
  8 yaks
  2 basilisks
  11 nagas
  3 water moccasins
  A black bear (D:8)
  2 ice beasts
  A sky beast (D:9)
  An ogre (D:7)
  A centaur (D:10)
  2 phantoms
  4 bullfrogs
  3 big kobolds
  A scorpion (D:7)
  2 wights (D:9)
  2 electric eels (D:6)
  A bullfrog zombie (D:6)
  2 hounds (D:10)
  3 orc priests
  A worker ant (D:6)
  3 gnolls
  An adder (D:9)
  4 shadow imps (D:8)
  2 white imps
  2 adder zombies
  An adder skeleton (D:8)
  8 orcs
  7 kobolds
115 creatures vanquished.

Vanquished Creatures (others)
  12 flying skulls
  A wraith (D:10)
  An orc warrior (D:10)
  A wight (D:6)
  19 fungi
  16 plants
  7 withered plants
57 creatures vanquished.

Grand Total: 465 creatures vanquished

Notes
Turn   | Place    | Note
-------+----------+-------------------------------------------
     0 | D:1      | porcors3 the Troll Monk began the quest for the Orb.
     0 | D:1      | Reached XP level 1. HP: 22/22 MP: 0/0
    65 | D:1      | Reached XP level 2. HP: 29/29 MP: 1/1
   200 | D:1      | You fall into a shaft and drop 1 floor!
   311 | D:2      | Reached XP level 3. HP: 37/37 MP: 2/2
   314 | D:2      | Found a basalt altar of Yredelemnul.
   391 | D:2      | Found a faded altar of an unknown god.
   419 | D:2      | Became a worshipper of Sif Muna the Loreminder
   419 | D:2      | Reached * piety under Sif Muna
   419 | D:2      | Reached ** piety under Sif Muna
   505 | D:2      | Found a stormy altar of Qazlal.
   579 | D:2      | Reached *** piety under Sif Muna
   610 | D:2      | Found a runed translucent door.
   610 | D:2      | Noticed a human
   612 | D:2      | Found a basalt altar of Yredelemnul.
   644 | D:2      | Killed a human
   645 | D:2      | Reached skill level 4 in Unarmed Combat
   645 | D:2      | Reached XP level 4. HP: 48/48 MP: 3/3
   645 | D:2      | Reached XP level 5. HP: 54/54 MP: 4/4
   655 | D:2      | Fell from the grace of Sif Muna
   655 | D:2      | Became a worshipper of Yredelemnul the Dark
   921 | D:3      | Found a glowing drain.
   937 | Sewer    | Entered a sewer
  1120 | Sewer    | Reached * piety under Yredelemnul
  1153 | Sewer    | Reached skill level 5 in Unarmed Combat
  1246 | Sewer    | Reached XP level 6. HP: 63/63 MP: 5/5
  2519 | D:4      | Found a staircase to the Ecumenical Temple.
  2672 | D:4      | Reached skill level 6 in Unarmed Combat
  3020 | D:5      | Entered Level 5 of the Dungeon
  3031 | D:5      | Reached XP level 7. HP: 54/71 MP: 6/6
  3046 | D:5      | Reached ** piety under Yredelemnul
  3237 | D:5      | Reached skill level 7 in Unarmed Combat
  3521 | D:5      | Found a shadowy altar of Dithmenos.
  3803 | D:5      | Found a sacrificial altar of Ru.
  3824 | D:5      | Reached skill level 8 in Unarmed Combat
  4086 | D:6      | Reached skill level 5 in Fighting
  4086 | D:6      | Reached XP level 8. HP: 57/80 MP: 7/7
  4089 | D:6      | Reached *** piety under Yredelemnul
  4278 | D:6      | Reached skill level 9 in Unarmed Combat
  4369 | D:6      | Reached **** piety under Yredelemnul
  4494 | D:6      | Received a gift from Yredelemnul (a wight)
  4683 | D:6      | Received a gift from Yredelemnul (2 flying skulls)
  4973 | D:6      | Reached skill level 10 in Unarmed Combat
  5353 | D:6      | Got a steaming jade ring
  5912 | D:7      | Reached XP level 9. HP: 56/88 MP: 8/8
  5917 | D:7      | Reached ***** piety under Yredelemnul
  6421 | D:7      | Reached skill level 11 in Unarmed Combat
  6868 | D:7      | Identified the ring of Gluttony {rC- rN+ Dex+4 Stlth+} (You
                  | found it on level 6 of the Dungeon)
  6904 | D:8      | Found a bloodstained altar of Trog.
  6911 | D:8      | Noticed a hellwing
  6925 | D:8      | Killed a hellwing
  6930 | D:8      | Received a gift from Yredelemnul (4 flying skulls)
  6940 | D:8      | Reached skill level 12 in Unarmed Combat
  6943 | D:8      | Noticed a hellwing
  6956 | D:8      | Reached XP level 10. HP: 39/98 MP: 9/9
  7227 | D:8      | Received a gift from Yredelemnul (4 flying skulls)
  7293 | D:8      | Noticed a +0 hand axe
  7295 | D:8      | Noticed a +0 hand axe
  7297 | D:8      | Found a hide-covered altar of Uskayaw.
  7488 | D:8      | Reached skill level 5 in Dodging
  7692 | D:8      | Found a sacrificial altar of Ru.
  7763 | D:9      | Found a sparkling altar of Nemelex Xobeh.
  7765 | D:9      | Found an ancient bone altar of Kikubaaqudgha.
  7772 | D:9      | Found an opulent altar of Gozag.
  7779 | D:9      | Found a glowing silver altar of Zin.
  7853 | D:9      | Found a runed translucent door.
  7854 | D:9      | Noticed Athtar's ghost (journeyman DrTm)
  7860 | D:9      | Noticed a two-headed ogre
  7875 | D:9      | Killed Athtar's ghost
  7902 | D:9      | Killed a two-headed ogre
  7963 | D:9      | Received a gift from Yredelemnul (a wight)
  8389 | D:10     | Entered Level 10 of the Dungeon
  8401 | D:10     | Found a staircase to the Lair.
  8405 | D:10     | Noticed an elephant
  8416 | D:10     | Killed an elephant
  8439 | D:10     | Reached XP level 11. HP: 78/105 MP: 10/10
  8473 | D:10     | Received a gift from Yredelemnul (a wraith)
  8535 | D:10     | Was forgiven by Sif Muna
  8623 | D:10     | Reached ****** piety under Yredelemnul
  8865 | D:10     | Reached skill level 5 in Maces & Flails
  8905 | D:10     | Received a gift from Yredelemnul (2 flying skulls)
  9188 | D:10     | Identified the Volume of Venomous Displacement
  9628 | Lair:1   | Entered Level 1 of the Lair of Beasts
  9642 | Lair:1   | Received a gift from Yredelemnul (a phantasmal warrior)
  9899 | Lair:1   | Noticed an oklob plant
  9899 | Lair:1   | Noticed an oklob plant
 10074 | Lair:1   | Killed an oklob plant
 10080 | Lair:1   | Found an iron altar of Okawaru.
 11259 | Lair:2   | Found a staircase to the Snake Pit.
 11266 | Lair:2   | Received a gift from Yredelemnul (3 flying skulls)
 11298 | Snake:1  | Entered Level 1 of the Snake Pit
 11298 | Snake:1  | Noticed a naga warrior
 11301 | Snake:1  | Killed a naga warrior
 11331 | Snake:1  | Noticed a naga ritualist
 11339 | Snake:1  | Killed a naga ritualist
 11340 | Snake:1  | Reached skill level 10 in Maces & Flails
 11399 | Snake:1  | Noticed an anaconda
 11504 | Snake:1  | Noticed an anaconda
 11510 | Snake:1  | Killed an anaconda
 11511 | Snake:1  | Reached XP level 12. HP: 32/114 MP: 11/11
 11520 | Snake:1  | Received a gift from Yredelemnul (3 flying skulls)
 12087 | Snake:1  | Paralysed by a Zot trap for 3 turns
 12711 | Snake:1  | Reached skill level 1 in Armour
 13196 | Snake:2  | Noticed an anaconda
 13203 | Snake:2  | Killed an anaconda
 13204 | Snake:2  | Received a gift from Yredelemnul (a wraith)
 13210 | Snake:2  | Slain by a black mamba

Illustrated notes

Levels and vault maps discovered:
D:1:      shiori_arrival_elements, layout_rooms
D:2:      layout_rooms, lemuel_crystal_altar, marbit_many_paths, serial_glass,
          glass_columns_c, glass_columns_c, item_on_display_b,
          item_on_display_a, chequers_ecumenical_altar_simple_redux,
          dk_yredelemnul_ordeal
D:3:      layout_basic, serial_glass, glass_columns_a, glass_columns_a,
          portal_sewer_entry_d
D:4:      layout_layer_cave, minmay_temple_entry_slanted
D:5:      layout_basic, nicolae_overflow_crystal_walls, old_standard_altar,
          minivault_5
D:6:      minmay_goblin_kobold_castle, layout_loops_ring
D:7:      layout_loops_ring, hangedman_decor_clover_reticule
D:8:      cheibrodos_grave_circle, layout_gridville, old_standard_altar,
          dancing_weapons_uskayaw, nicolae_ru_the_path_less_chosen
D:9:      layout_cave_pools, pdpol_temple_overflow_zin_treasury_gozag_greed,
          grunt_temple_overflow_open, gammafunk_ghost_grave, grunt_ministairs_2
D:10:     layout_long_grid, david_lair_generic, kennysheep_generic_room_9
D:11:     layout_roguey, serial_shops, shop_statue, uniq_sonja, uniq_fannar
Lair:1:   layout_gridlike, basic_altar, grunt_megastairs_5,
          minmay_lair_oklob_chamber
Lair:2:   layout_long_grid, minmay_snake_entry_guardpost_small,
          cheibrodos_lair_reptile_den
Snake:1:  layout_chambers
Snake:2:  layout_grid_maze, nicolae_snake_springs, uniq_aizul, uniq_frances,
          uniq_vashnia

Skill      XL: |  1  2  3  4  5  6  7  8  9 10 11 12 |
---------------+-------------------------------------+-----
Fighting       | 3 4 5 6 |  6.2
Unarmed Combat | 4 5 6 8 10 12 | 12.6
Dodging        | 4 5 |  5.2
Shields        | 2 |  2.9
Maces & Flails | 4 10 11 | 11.3
Armour         | 1 |  1.4
Short Blades   | |  0.6
Long Blades    | |  0.2
Axes           | |  0.5
Staves         | |  0.2
Slings         | |  0.2
Bows           | |  0.5
Crossbows      | |  0.1
Throwing       | |  0.4
Stealth        | |  1.0
Conjurations   | |  0.3
Hexes          | |  0.4
Summonings     | |  0.3
Necromancy     | |  0.3
Translocations | |  0.1
Transmutations | |  0.2
Fire Magic     | |  0.1
Ice Magic      | |  0.4
Air Magic      | |  0.2
Earth Magic    | |  0.7
Poison Magic   | |  0.2

Action                   |  1- 3 |  4- 6 |  7- 9 | 10-12 || total
-------------------------+-------+-------+-------+-------++-------
Melee: Unarmed           |    96 |   153 |   376 |    89 ||   714
       Punch             |       |     1 |    16 |     1 ||    18
       Giant spiked club |       |       |       |   136 ||   136
Evoke: Wand              |       |       |       |     1 ||     1
  Use: Scroll            |       |     7 |     4 |     3 ||    14
 Stab: Sleeping          |     1 |     2 |     2 |     9 ||    14
       Distracted        |       |       |     1 |     6 ||     7
Armor: Robe              |    32 |    33 |   119 |    59 ||   243
Dodge: Dodged            |    99 |   114 |   368 |   144 ||   725
       Repelled          |       |       |     4 |     6 ||    10
Block: Tower shield      |       |       |       |    31 ||    31
